 Dungeon Crawl Stone Soup version 0.19.5 (webtiles) character file.

1754 JeffiDaFish the Archer (level 8, -6/40 HPs)
             Began as a Spriggan Hunter on Dec 13, 2017.
             Was a Believer of Fedhas.
             Killed from afar by Dowan (16 damage)
             ... with a shard of ice
             ... on level 6 of the Dungeon.
             The game lasted 00:19:24 (6922 turns).

JeffiDaFish the Archer (Spriggan Hunter)            Turns: 6922, Time: 00:19:24

Health: -6/40      AC:  5    Str:  8    XL:     8   Next: 78%
Magic:  13/13      EV: 22    Int: 13    God:    Fedhas [**....]
Gold:   231        SH:  0    Dex: 18    Spells: 1 memorised, 9 levels left

rFire  + . .     SeeInvis +     a - +3 shortbow
rCold  + . .     Gourm    .     g - +2 robe {rC+}
rNeg   . . .     Faith    +     (shield currently unavailable)
rPois  .         Spirit   .     (helmet restricted)
rElec  .         Reflect  .     i - +0 cloak (curse)
rCorr  .         Harm     .     (gloves unavailable)
MR     +....                    (boots unavailable)
Stlth  +++.......               p - amulet of faith
                                (no ring)
                                (no ring)

@: lethally poisoned (-6 -> -12), very quick
A: unfitting armour, see invisible, fire resistance 1, herbivore 3, speed 3,
slow metabolism 2
a: Fungal Bloom, Evolution, Sunlight, Renounce Religion


You were on level 6 of the Dungeon.
You worshipped Fedhas.
Fedhas was pleased with you.
You were not hungry.

You visited 1 branch of the dungeon, and saw 6 of its levels.

You collected 231 gold pieces.

Inventory:

Hand Weapons
 a - a +3 shortbow (weapon)
 e - a +1 dagger of venom
Missiles
 d - 34 arrows (quivered)
Armour
 g - a +2 robe of cold resistance (worn)
 i - a cursed +0 cloak (worn)
Jewellery
 p - an amulet of faith (around neck)
Wands
 k - a wand of heal wounds (4/9)
 o - a wand of lightning (10/15)
Scrolls
 c - a scroll of magic mapping
 h - 2 scrolls of identify
 q - a scroll of teleportation
Potions
 n - a potion of heal wounds
 r - 2 potions of curing
Books
 m - a book of Conjurations

   Spells                             Type                      Level
   a - Magic Dart                     Conjuration                  1
   b - Searing Ray                    Conjuration                  2
   c - Dazzling Spray                 Conjuration/Hexes            3
   d - Fulminant Prism                Conjuration/Hexes            4
   e - Iskenderun's Mystic Blast      Conjuration                  4
   f - Iskenderun's Battlesphere      Conjuration/Charms           5
Comestibles
 b - a royal jelly
 f - 3 bread rations
 j - 6 fruits


   Skills:
 + Level 3.5 Fighting
 + Level 2.5 Short Blades
 * Level 10.0 Bows
 * Level 6.7 Dodging
 + Level 4.2 Stealth
 + Level 2.9 Spellcasting
 + Level 1.9 Conjurations
 + Level 3.4 Hexes


You had 9 spell levels left.
You knew the following spells:

 Your Spells              Type           Power        Failure   Level  Hunger
a - Dazzling Spray        Conj/Hex       #.....       28%         3    ###....


Dungeon Overview and Level Annotations

Branches:
Dungeon (6/15)             Temple (0/1) D:4

Altars:
Ashenzari
Elyvilon
Fedhas
Kikubaaqudgha
Nemelex Xobeh
Vehumet
Xom
The Shining One

Annotations:
D:6 Dowan


Innate Abilities, Weirdness & Mutations

You are very small and have problems with some larger weapons.
You are too small for most types of armour.
You have supernaturally acute eyesight. (SInv)
You are a herbivore.
You cover ground extremely quickly.
You need consume almost no food.
Your flesh is heat resistant. (rF+)


Message History

Dowan blinks!
Dowan points at you and mumbles some strange words.
The shard of ice hits you! You partially resist.
Firing (i - inventory):
d - 35 arrows (quivered)
Press: ? - help, Shift-Dir - straight line, f/p - bullfrog skeleton
Aim: a bullfrog skeleton (heavily damaged)
You shoot an arrow. The arrow completely misses Dowan.
You feel sick. Dowan misses you.
You are too injured to fight recklessly!
You are too injured to fight recklessly!
You are too injured to fight recklessly!
You feel sick. Dowan completely misses you.
You feel sick.
You feel sick.
Dowan gestures wildly while chanting.
Dowan blinks!
Dowan casts a spell at you. The shard of ice hits you! You partially resist.
You die...
Fedhas appreciates your contribution to the ecosystem.

##### ### ###...######## #*
###.#####............### .*
##.§.Z..#................
.##
##..#...e@................
..#
##.(#####'''#####..........
..# ##..## ##.....##
#.......... ..####(###
##.⌠.#.⌠.###...†.....#
..##..##
#.#.#.#.#.##........##
.÷(..##
#..#.⌠.#..##.......##
..).## #.#.#.#.#.##....>.##
(.(## ##.⌠.#.⌠.###.....##
((## ##.#.#.#.#.##...###


You could see Dowan and a bullfrog skeleton.

Vanquished Creatures
  Edmund (D:6)
  Duvessa (D:6)
  A water moccasin (D:6)
  A sky beast (D:6)
  3 ogres
  A centaur (D:6)
  A bullfrog (D:6)
  2 scorpions (D:6)
  2 howler monkeys
  3 vampire bats (D:6)
  A crimson imp (D:6)
  An orc priest (D:3)
  3 bullfrog skeletons
  3 hounds (D:4)
  An orc wizard (D:6)
  7 worker ants
  A worker ant zombie (D:5)
  3 gnolls (D:2)
  8 adders
  A shadow imp (D:5)
  An ooze (D:4)
  An adder skeleton (D:5)
  7 worms
  4 dart slugs
  4 leopard geckos
  6 orcs
  4 bat skeletons (D:6)
  2 bat zombies (D:6)
  2 giant cockroaches (D:5)
  11 goblins
  9 hobgoblins
  3 jackals (D:6)
  8 kobolds
  6 quokkas
  2 ball pythons
  3 bats
  4 frilled lizards
  A leopard gecko skeleton (D:4)
  3 rats
126 creatures vanquished.

Vanquished Creatures (others)
  76 toadstools
76 creatures vanquished.

Grand Total: 202 creatures vanquished

Notes
Turn   | Place    | Note
-------+----------+-------------------------------------------
     0 | D:1      | JeffiDaFish the Spriggan Hunter began the quest for the Orb.
     0 | D:1      | Reached XP level 1. HP: 10/10 MP: 2/2
    28 | D:1      | Reached skill level 5 in Bows
   130 | D:1      | Reached XP level 2. HP: 14/14 MP: 3/3
   796 | D:2      | Reached XP level 3. HP: 10/18 MP: 4/4
   797 | D:2      | Reached skill level 6 in Bows
  1176 | D:2      | Found a blossoming altar of Fedhas.
  1379 | D:2      | Became a worshipper of Fedhas Madash
  1511 | D:2      | Reached XP level 4. HP: 23/23 MP: 5/5
  2045 | D:3      | Reached skill level 7 in Bows
  2091 | D:3      | Reached XP level 5. HP: 25/26 MP: 6/6
  2118 | D:3      | Reached * piety under Fedhas
  2756 | D:4      | Reached skill level 8 in Bows
  2826 | D:4      | Reached XP level 6. HP: 29/30 MP: 7/7
  2876 | D:4      | Found a staircase to the Ecumenical Temple.
  3058 | D:4      | Found a faded altar of an unknown god.
  3058 | D:4      | Found a faded altar of an unknown god.
  3063 | D:4      | Found a glowing golden altar of the Shining One.
  3065 | D:4      | Found a faded altar of an unknown god.
  3067 | D:4      | Found a faded altar of an unknown god.
  3871 | D:4      | Reached skill level 9 in Bows
  3906 | D:4      | Learned a level 3 spell: Dazzling Spray
  4163 | D:4      | Reached XP level 7. HP: 35/35 MP: 8/8
  4229 | D:4      | Reached ** piety under Fedhas
  4463 | D:5      | Entered Level 5 of the Dungeon
  4614 | D:5      | Reached skill level 1 in Hexes
  4912 | D:5      | Reached skill level 1 in Short Blades
  4920 | D:5      | You fall through a shaft!
  5453 | D:5      | Found a shimmering altar of Xom.
  5697 | D:5      | Reached skill level 1 in Spellcasting
  5844 | D:6      | Reached skill level 1 in Conjurations
  5869 | D:6      | Reached skill level 5 in Dodging
  6064 | D:6      | Reached XP level 8. HP: 40/40 MP: 11/11
  6065 | D:6      | Noticed Edmund
  6245 | D:6      | Killed Edmund
  6526 | D:6      | Gained mutation: Your flesh is heat resistant. (rF+) [potion of beneficial mutation]
  6636 | D:6      | Found a shattered altar of Ashenzari.
  6636 | D:6      | Found a radiant altar of Vehumet.
  6637 | D:6      | Found a white marble altar of Elyvilon.
  6697 | D:6      | Found a sparkling altar of Nemelex Xobeh.
  6801 | D:6      | Found an ancient bone altar of Kikubaaqudgha.
  6885 | D:6      | Reached skill level 10 in Bows
  6886 | D:6      | Noticed Duvessa
  6891 | D:6      | Noticed Dowan
  6903 | D:6      | Killed Duvessa
  6922 | D:6      | Killed from afar by Dowan

Skill      XL: |  1  2  3  4  5  6  7  8 |
---------------+-------------------------+-----
Bows           | 5 6 7 8 9 10 | 10.0
Stealth        | 2 3 4 |  4.2
Fighting       | 2 3 |  3.5
Dodging        | 5 6 |  6.7
Hexes          | 2 3 |  3.4
Short Blades   | 1 2 |  2.5
Spellcasting   | 1 2 |  2.9
Conjurations   | 1 |  1.9

Action                   |  1- 3 |  4- 6 |  7- 9 || total
-------------------------+-------+-------+-------++-------
Melee: Dagger            |     2 |     4 |     1 ||     7
 Fire: Shortbow          |    93 |   200 |   246 ||   539
 Cast: Dazzling Spray    |       |       |     1 ||     1
Invok: Fungal Bloom      |     1 |    22 |    12 ||    35
  Use: Scroll            |     4 |    11 |     6 ||    21
       Potion            |     1 |     6 |     4 ||    11
  Eat: Bread ration      |       |       |     1 ||     1
Armor: Robe              |     4 |    10 |    10 ||    24
Dodge: Dodged            |    15 |    48 |   116 ||   179
